 Dungeon Crawl Stone Soup version 0.30.1-11-g7821555f0a (webtiles) character file.

Game seed: 12600682653257642545

10 KittyFluff the Trooper (level 2, 0/19 HPs)
             Began as a Gargoyle Berserker on Nov 7, 2023.
             Was a Follower of Trog.
             Slain by a gnoll
             ... wielding a +3 spear
              (9 damage)
             ... on level 1 of the Dungeon.
             The game lasted 00:01:12 (336 turns).

KittyFluff the Trooper (Gargoyle Berserker)          Turns: 336, Time: 00:01:12

Health: 0/19       AC:  5    Str: 20    XL:     2   Next: 20%
Magic:  2/2        EV: 11    Int:  7    God:    Trog [*.....]
Gold:   33         SH:  0    Dex:  9    Spells: 1/1 levels left

rFire   . . .        a - +0 mace
rCold   . . .        (no shield)
rNeg    + . .        b - +0 animal skin
rPois   ∞            (no helmet)
rElec   +            (no cloak)
rCorr   .            (no gloves)
SInv    .            (no boots)
Will    .....        (no amulet)
Stlth   +            (no ring)
HPRegen 0.23/turn    (no ring)
MPRegen 0.08/turn

%: no passive effects
@: no status effects
A: sickness immunity, AC +2, negative energy resistance 1, electricity
resistance, torment resistance 1, petrification resistance
a: Renounce Religion, Berserk


You were on level 1 of the Dungeon.
You worshipped Trog.
Trog was aware of your devotion.
You visited 1 branch of the dungeon, and saw 1 of its levels.

You collected 33 gold pieces.

Inventory:

Hand Weapons
 a - a +0 mace (weapon)
Armour
 b - a +0 animal skin (worn)
Scrolls
 d - a scroll of enchant weapon {unknown}
 e - a scroll of summoning {unknown}
 f - a scroll of fog {unknown}
 g - a scroll of enchant armour {unknown}
Potions
 c - 2 potions of curing {unknown}


   Skills:
 + Level 3.4 Fighting
 * Level 3.2 Maces & Flails
 * Level 2.5 Armour
 + Level 1.6 Dodging


You had one spell level left.
You didn't know any spells.
Your spell library was empty.

Dungeon Overview and Level Annotations

Branches:
Dungeon (1/15)

Altars:


Innate Abilities, Weirdness & Mutations

You are immune to sickness and miasma.
Your stone body is resilient. (AC +2)
You are immune to poison.
You resist negative energy. (rN+)
You are resistant to electric shocks. (rElec)
You are resistant to unholy torment.
You are immune to petrification.


Message History

You now have 25 gold pieces (gained 7).
f - a scroll labelled POBRIZ HYENEFAOBBU A ball python comes into view.
Found 2 stones.
The ball python hisses angrily.
The ball python bites you. The ball python grabs you.
The ball python constricts you.
You closely miss the ball python. The ball python barely misses you.
The ball python constricts you.
You hit the ball python.
You kill the ball python!
Trog accepts your kill.
You see here a ball python corpse.
You see here 2 stones.
Found a stone staircase leading down.
Found 8 gold pieces.
You now have 33 gold pieces (gained 8).
There is a stone staircase leading down here.
Found a scroll labelled CIS TIFICHOFOD.
A hobgoblin comes into view.
The hobgoblin shouts!
You see here a scroll labelled CIS TIFICHOFOD.
You see here a scroll labelled CIS TIFICHOFOD.
g - a scroll labelled CIS TIFICHOFOD You sock the hobgoblin!
You kill the hobgoblin!
Trog accepts your kill.
You see here a hobgoblin corpse.
As you open the door, it creaks loudly!
A gnoll comes into view. It is wielding a +3 spear.
Found a scroll labelled EHAINA SUEFEOF.
The gnoll hits you from afar with a +3 spear.
There is an open door here.
The gnoll hits you from afar with a +3 spear.
The gnoll misses you.
You barely miss the gnoll. The gnoll hits you with a +3 spear.
You thump the gnoll!
The gnoll is severely wounded.
The gnoll hits you with a +3 spear. The gnoll hits you with a +3 spear!
You die...

#...... ### #.#.### #.#
#.#.# #.# #.#.#
.#.####.###########.#.#
.........†.........>#.#
.#.####'###########.#.#
#........#####.#.#
#.?@g....+.......#
#........#####.###
##+###########..#
#......# # #......# #.
#......#
#.#######......# #+##
#........†...(.#
#..##..#
##......#####..#


You could see a gnoll.

Vanquished Creatures
  An endoplasm (D:1)
  2 goblins (D:1)
  2 hobgoblins (D:1)
  A ball python (D:1)
  2 bats (D:1)
  A rat (D:1)
9 creatures vanquished.

Notes
Turn   | Place    | Note
-------+----------+-------------------------------------------
     0 | D:1      | KittyFluff the Gargoyle Berserker began the quest for the
                  | Orb.
     0 | D:1      | Reached XP level 1. HP: 14/14 MP: 1/1
   187 | D:1      | Reached XP level 2. HP: 17/19 MP: 2/2
   336 | D:1      | Slain by a gnoll

Illustrated notes

Levels and vault maps discovered:
D:1:      dpeg_arrival_rooms_b, layout_basic

Action                     || total
---------------------------++-------
  Melee: Mace              ||    34
 Armour: Animal skin       ||    10
  Dodge: Dodged            ||    22
